 Dungeon Crawl Stone Soup version 0.30.0-15-g856e2d3f33 (webtiles) character file.

Game seed: 18329757920649421254

993 jtron the Stinger (level 8, -7/47 HPs)
             Began as an Octopode Venom Mage on May 19, 2023.
             Was a Priest of Elyvilon.
             Mangled by a steam dragon (9 damage)
             ... on level 7 of the Dungeon.
             The game lasted 00:23:49 (6439 turns).

jtron the Stinger (Octopode Venom Mage)             Turns: 6439, Time: 00:23:49

Health: -7/47      AC:  5    Str:  7    XL:     8   Next: 19%
Magic:  11/13      EV: 13    Int: 20    God:    Elyvilon [***...]
Gold:   382        SH:  0    Dex: 12    Spells: 8/14 levels left

rFire   . .          .
                       - Unarmed
rCold   . . .        (no shield)
rNeg    . . .        (helmet restricted)
rPois   .            (no amulet)
rElec   .            j - +4 ring of protection
rCorr   .            (no ring)
SInv    .            (no ring)
Will    .....        (no ring)
Stlth   ++++         (no ring)
HPRegen 0.27/turn    (no ring)
MPRegen 0.13/turn    (no ring)
                     (no ring)

%: no passive effects
@: about to teleport
A: almost no armour, amphibious, 8 rings, camouflage 1, gelatinous body 1,
(nimble swimmer 1), tentacles
a: Renounce Religion, Purification, Heal Other, Heal Self


You were on level 7 of the Dungeon.
You worshipped Elyvilon.
Elyvilon was most pleased with you.
You visited 1 branch of the dungeon, and saw 7 of its levels.

You collected 382 gold pieces.

Inventory:

Hand Weapons
 c - a +0 short sword
 o - a +0 dagger of flaming
Missiles
 d - 65 stones
 r - 14 poisoned darts (quivered)
Jewellery
 j - a +4 ring of protection (left tentacle)
 l - a ring of fire
Scrolls
 e - 3 scrolls of enchant armour
 f - 2 scrolls of identify
 g - 3 scrolls of fog
 h - 2 scrolls of teleportation
Potions
 a - 2 potions of magic
 b - a potion of cancellation {unknown}
 i - 2 potions of lignification
 m - 2 potions of flight
 n - a potion of berserk rage
 q - 4 potions of curing


   Skills:
 + Level 0.7 Fighting
 + Level 0.9 Throwing
 + Level 2.7 Dodging
 + Level 4.7 Stealth
 + Level 1.9 Unarmed Combat
 + Level 3.8 Spellcasting
 * Level 3.7 Conjurations
 + Level 3.1 Transmutations
 * Level 3.0 Air Magic
 + Level 5.7 Poison Magic


You had 8 spell levels left.
You knew the following spells:

 Your Spells              Type           Power      Damage    Failure   Level
a - Sting                 Tmut/Pois      84%        1d7       2%          1
b - Poisonous Vapours     Pois/Air       42%        N/A       3%          2
c - Mephitic Cloud        Conj/Pois/Air  20%        N/A       7%          3

Your spell library contained the following spells:

 Spells                   Type           Power      Damage    Failure   Level
 Kiss of Death            Conj/Necr      44%        2d8       6%          1
 Olgreb's Toxic Radiance  Pois           26%        N/A       12%         4
 Apportation              Tloc           6%         N/A       13%         1
 Necrotise                Necr           12%        1d4       13%         1
 Summon Small Mammal      Summ           12%        N/A       13%         1
 Confusing Touch          Hex            3%         N/A       36%         3
 Anguish                  Hex/Necr       1%         N/A       78%         4
 Cause Fear               Hex            1%         N/A       78%         4
 Dispel Undead            Necr           3%         3d7       78%         4
 Enfeeble                 Hex            1%         N/A       100%        7


Dungeon Overview and Level Annotations

Branches:
Dungeon (7/15)             Temple (0/1) D:6

Altars:
Dithmenos
Elyvilon
Gozag
Sif Muna
Xom
Zin

Shops:
D:4 :   D:6 [

Annotations:
D:5 3 runed translucent doors, Hubris850's ghost, novice HOFi
D:7 Pikel


Innate Abilities, Weirdness & Mutations

You cannot wear most types of armour.
You are amphibious.
You can wear up to eight rings at the same time.
Your skin changes colour to match your surroundings (Stealth+).
Your rubbery body absorbs attacks. (AC +1, EV +1)
((You are camouflaged when in or above water. (Stealth+)))
You have tentacles for arms and can constrict up to eight enemies at once.


Message History

Press: ? - help, Dir - move target, f - steam dragon Heal: a steam dragon (steam, chance to pacify: <1%)
Casting: Sting (safe; 2% risk of failure)
Confirm with . or Enter, or press ? or * to list all spells.
Aiming: Sting (safe; 2% risk of failure)
Press: ? - help, Shift-Dir - straight line, f - steam dragon
Aim: a steam dragon (steam, 76% to hit)
The sting hits the steam dragon.
The steam dragon is poisoned.
The steam dragon is lightly wounded.
The steam dragon breathes steam at you. The ball of steam hits you!
You hear a shout! x2
You are engulfed in a cloud of scalding steam.
* * * LOW HITPOINT WARNING * * *
The steam dragon breathes steam at you. The ball of steam hits you!
* * * LOW HITPOINT WARNING * * *
You hear a shout! x2
You tentacle-slap the steam dragon but do no damage.
You squeeze the steam dragon!
The steam dragon is moderately wounded.
The steam dragon completely misses you. x2
You closely miss the steam dragon.
The steam dragon is moderately wounded.
The steam dragon looks more healthy.
The steam dragon bites you.
* * * LOW HITPOINT WARNING * * *
The steam dragon barely misses you.
Okay, then.
You are healed.
The steam dragon barely misses you. x2
Pikel, Merchant of Souls comes into view.
He is wielding a +0 whip of flaming and wearing a +2 robe of willpower.
As you read the scroll of teleportation, it crumbles to dust.
You feel strangely unstable. The steam dragon bites you!
* * * LOW HITPOINT WARNING * * *
The steam dragon claws you.
* * * LOW HITPOINT WARNING * * *
The steam dragon attacks as you move away!
The steam dragon barely misses you. The steam dragon misses you.
The steam dragon attacks as you move away!
The steam dragon bites you!
You die...

##..#. ..## ##....#
#..l. ##.....#.K...#
#......#.....#
#......'§.D..#
#......#############
#...............<..#
#...5..............#
#...@D.............#
#.#####.>..........#
.. #..........†.# ..
#§...........#
#......#######
#......# #......#
#......# #......#


You could see Pikel, a steam dragon and a lemure.

Vanquished Creatures
  A black bear (D:6)
  A sky beast (D:6)
  2 centaurs
  A phantom (D:6)
  A bullfrog (D:7)
  2 scorpions
  2 hounds
  2 jellies
  3 iguanas
  3 orc wizards
  An adder (D:3)
  A white imp (D:6)
  A worm (D:2)
  5 dart slugs
  12 orcs
  5 ball pythons
  9 endoplasms
  5 giant cockroaches
  5 goblins
  11 hobgoblins
  7 kobolds
  6 quokkas
  8 bats
  7 frilled lizards
  6 rats
107 creatures vanquished.

Vanquished Creatures (others)
  An angel (D:5)
1 creature vanquished.

Grand Total: 108 creatures vanquished

Notes
Turn   | Place    | Note
-------+----------+-------------------------------------------
     0 | D:1      | jtron the Octopode Venom Mage began the quest for the Orb.
     0 | D:1      | Reached XP level 1. HP: 11/11 MP: 3/3
   130 | D:1      | Reached XP level 2. HP: 17/17 MP: 3/5
   246 | D:1      | Reached skill level 4 in Poison Magic
   465 | D:1      | Reached XP level 3. HP: 21/21 MP: 6/6
   468 | D:1      | Learned a level 2 spell: Poisonous Vapours
   472 | D:1      | Learned a level 3 spell: Mephitic Cloud
  1448 | D:2      | Reached XP level 4. HP: 27/27 MP: 3/7
  2022 | D:2      | Reached skill level 1 in Air Magic
  2371 | D:3      | Found a white marble altar of Elyvilon.
  2426 | D:3      | Became a worshipper of Elyvilon the Healer
  2564 | D:3      | Found a shadowy altar of Dithmenos.
  2599 | D:3      | Reached skill level 1 in Conjurations
  2599 | D:3      | Reached XP level 5. HP: 15/31 MP: 1/8
  2820 | D:3      | Reached * piety under Elyvilon
  3487 | D:4      | Found Ehufet's Tremendous Tomes.
  3523 | D:4      | Reached XP level 6. HP: 28/36 MP: 7/10
  3732 | D:4      | Reached ** piety under Elyvilon
  4024 | D:5      | Entered Level 5 of the Dungeon
  4074 | D:5      | Reached skill level 1 in Unarmed Combat
  4202 | D:5      | Found an opulent altar of Gozag.
  4547 | D:5      | Killed an angel
  4568 | D:5      | Found a glowing silver altar of Zin.
  4568 | D:5      | Found a shimmering altar of Xom.
  4583 | D:5      | Reached skill level 5 in Poison Magic
  4904 | D:5      | Found a runed translucent gate.
  4905 | D:5      | Found a runed translucent gate.
  4906 | D:5      | Found a runed translucent gate.
  4909 | D:5      | Noticed Hubris850's ghost (novice HOFi)
  4976 | D:6      | Reached XP level 7. HP: 42/42 MP: 0/11
  5065 | D:6      | Found a staircase to the Ecumenical Temple.
  5065 | D:6      | Found Mydeq's Armour Shop.
  5158 | D:6      | Reached *** piety under Elyvilon
  5468 | D:6      | Reached XP level 8. HP: 31/47 MP: 9/13
  5674 | D:6      | Found a shimmering blue altar of Sif Muna.
  6435 | D:7      | HP: 1/47 [steam dragon (4)]
  6436 | D:7      | Noticed Pikel
  6439 | D:7      | Mangled by a steam dragon

Illustrated notes

Levels and vault maps discovered:
D:1:      ncdulo_smallfort, layout_loops_ring
D:2:      layout_loops_ring, patterned_corridor
D:3:      layout_basic, mainiacjoe_overflow_24_doors, elyvilon_altar_1
D:4:      layout_basic, nicolae_shop_i_like_big_books
D:5:      layout_loops_corners, grunt_temple_overflow_order_and_chaos_1,
          nicolae_gozag_cash_rules_everything_around_me,
          gammafunk_ghost_necromancy
D:6:      layout_basic, nicolae_sif_muna_condensation, minmay_temple_entry_grid,
          serial_shops, nicolae_shop_advertising_works
          [nicolae_subvault_shop_adworks], kennysheep_generic_room_2
D:7:      minmay_the_grid_octo_tiled_squarecenter
          [minmay_the_grid_octo_checkered, minmay_the_grid_octo_concentric,
          minmay_the_grid_octo_odd_swirl, minmay_the_grid_octo_chip,
          minmay_the_grid_square_5x5_megaprize_diamond,
          minmay_the_grid_square_5x5_gyroscope,
          minmay_the_grid_square_5x5_minibox,
          minmay_the_grid_square_5x5_inverted_slash,
          minmay_the_grid_square_5x5_seven], layout_gridville, uniq_menkaure,
          uniq_maggie, uniq_pikel

Skill      XL: |  1  2  3  4  5  6  7  8 |
---------------+-------------------------+-----
Stealth        | 3 4 |  4.7
Poison Magic   | 4 5 |  5.7
Air Magic      | 1 2 3 |  3.0
Conjurations   | 1 2 3 |  3.7
Transmutations | 2 3 |  3.1
Unarmed Combat | 1 |  1.9
Spellcasting   | 3 |  3.8
Fighting       | |  0.7
Throwing       | |  0.9
Dodging        | |  2.7

Action                     |  1- 3 |  4- 6 |  7- 9 || total
---------------------------+-------+-------+-------++-------
  Melee: Unarmed           |    80 |   102 |    51 ||   233
         Constrict         |    24 |    25 |     6 ||    55
         Tentacles         |    18 |    28 |    10 ||    56
         Punch             |       |     3 |     2 ||     5
  Throw: Stone             |       |     2 |       ||     2
         Dart              |       |       |     3 ||     3
   Cast: Sting             |    44 |    46 |    22 ||   112
         Poisonous Vapours |       |    13 |     4 ||    17
         Mephitic Cloud    |       |     2 |     3 ||     5
 Invoke: Heal Self         |       |       |     2 ||     2
         Heal Other        |       |       |     1 ||     1
    Use: Scroll            |       |    10 |     2 ||    12
         Potion            |       |     1 |     1 ||     2
   Stab: Sleeping          |     7 |    11 |     2 ||    20
         Confused          |       |     1 |       ||     1
 Armour: Skin              |     9 |    22 |    20 ||    51
  Dodge: Dodged            |    48 |    75 |    44 ||   167
